 Dungeon Crawl Stone Soup version 0.20.0-15-g7f486f2 (webtiles) character file.

4901 vishdafish the Carver (level 10, -6/82 HPs)
             Began as a Barachi Fighter on June 28, 2017.
             Was an Elder of Okawaru.
             Mangled by a wyvern (14 damage)
             ... on level 9 of the Dungeon.
             The game lasted 00:11:32 (5717 turns).

vishdafish the Carver (Barachi Fighter)             Turns: 5717, Time: 00:11:32

Health: -6/82      AC: 10    Str: 22    XL:     10   Next: 51%
Magic:  10/10      EV: 12    Int:  8    God:    Okawaru [****..]
Gold:   505        SH: 11    Dex: 13    Spells: 9/9 levels left

rFire    . . .     SeeInvis .   q - +1 scimitar (elec)
rCold    . . .     Gourm    .   c - +0 shield
rNeg     . . .     Faith    .   b - +0 scale mail
rPois    .         Spirit   .   (no helmet)
rElec    .         Reflect  .   (no cloak)
rCorr    +         Harm     .   y - +0 pair of gloves
MR       .....                  w - +0 pair of boots
Stlth    ..........             (no amulet)
Regen    0.3/turn               i - ring of resist corrosion
MPRegen  0.2/turn               z - +2 ring of dexterity

@: lethally poisoned (-6 -> -7), can't hop, slow
A: +LOS, swims, slowness 1, strong legs 1
a: Hop, Heroism, Renounce Religion


You were on level 9 of the Dungeon.
You worshipped Okawaru.
Okawaru was greatly pleased with you.
You were hungry.

You visited 2 branches of the dungeon, and saw 10 of its levels.

You collected 505 gold pieces.

Inventory:

Hand Weapons
 a - a +0 long sword
 q - a +1 scimitar of electrocution (weapon)
Missiles
 F - 4 javelins of returning (quivered)
Armour
 b - a +0 scale mail (worn)
 c - a +0 shield (worn)
 w - a +0 pair of boots (worn)
 y - a +0 pair of gloves (worn)
Jewellery
 i - a ring of resist corrosion (left hand)
 z - a +2 ring of dexterity (right hand)
 E - an uncursed ring of ice
Wands
 d - a wand of clouds (5/9)
 x - a wand of random effects (17/48)
 D - a wand of confusion (20/48)
 G - a wand of lightning (8/15)
 H - a wand of flame (20/48)
Scrolls
 e - 2 scrolls of immolation
 j - 4 scrolls of remove curse
 l - 2 scrolls of recharging {unknown}
 o - 3 scrolls of teleportation
 p - 4 scrolls of identify
 s - 2 scrolls of magic mapping {unknown}
 t - 2 scrolls of fear {unknown}
 u - 2 scrolls of enchant armour {unknown}
 I - a scroll of amnesia {unknown}
Potions
 g - a potion of flight
 k - 2 potions of berserk rage {unknown}
 m - 3 potions of curing {unknown}
 n - a potion of invisibility {unknown}
 r - 2 potions of lignification
 A - a potion of agility {unknown}
 B - 2 potions of haste {unknown}
Comestibles
 f - 4 bread rations
 h - 5 royal jellies
 v - a meat ration
 C - a fruit


   Skills:
 + Level 8.6 Fighting
 * Level 10.7 Long Blades
 + Level 8.2 Armour
 + Level 6.2 Dodging
 + Level 7.6 Shields


You had 9 spell levels left.
You didn't know any spells.

Dungeon Overview and Level Annotations

Branches:
Dungeon (9/15)             Temple (1/1) D:4            Lair (0/6) D:8
    Orc: D:9-12

Altars:
Ashenzari
Cheibriados
Dithmenos
Elyvilon
Fedhas
Gozag
Hepliaklqana
Kikubaaqudgha
Makhleb
Nemelex Xobeh
Okawaru
Qazlal
Ru
Sif Muna
Trog
Uskayaw
Vehumet
Xom
Yredelemnul
Zin
The Shining One

Shops:
D:4 [   D:7 *


Innate Abilities, Weirdness & Mutations

Shadows flee at your approach. (+LOS)
You can swim through water.
You cover ground slowly.
You can hop short distances.


Message History

You are too injured to fight recklessly!
Unknown command.
You barely miss the orc wizard.
You are feeling hungry.
The wyvern bites you!
The orc wizard hits you but does no damage.
You are poisoned.
The wyvern bites you!
* * * LOW HITPOINT WARNING * * *
Hop to where?
Press: ? - help, Dir - move target cursor Boing!
You feel sick. You block the orc wizard's attack.
You feel sick. The wyvern completely misses you.
The orc wizard hits you but does no damage.
You block the wyvern's attack.
The orc wizard points at you and mumbles some strange words.
The puff of frost hits you!
* * * LOW HITPOINT WARNING * * *
The wyvern bites you!
You die...

#.# #.# #######.#
......#.###
...........######
...(............+
#####.####..##### #.#
##.# ####@### #.##
#...ol.# #..# .
#...o#o####.#### ..
#####o..........# ...
........).......# ....
#####.#.#####)..#.....
..#.......≈.......
#.######))≈≈......
.........≈≈≈≈.....


You could see a wyvern, an orc wizard and 3 orcs.

Vanquished Creatures
  2 two-headed ogres (D:8)
  The ghost of Ezendos the Skirmisher, an amateur OgWr (D:6)
  A hornet (D:8)
  A hippogriff (D:8)
  The ghost of Paps the Cudgeler, an amateur TrBe of Trog (D:4)
  The ghost of happinesssam the Conjurer, an amateur DrCj (D:3)
  A water moccasin (D:7)
  2 hell hounds (D:8)
  An orc warrior (D:8)
  A black bear (D:8)
  A phantom (D:7)
  A necrophage (D:5)
  A centaur (D:6)
  2 ogres
  A big kobold (D:7)
  6 bullfrogs
  3 scorpions
  4 killer bees (D:8)
  4 howler monkeys (D:7)
  An electric eel (D:9)
  3 crimson imps
  A quasit (D:8)
  A wyvern simulacrum (D:9)
  3 bullfrog skeletons
  3 hounds
  2 orc wizards (D:8)
  A jelly (D:8)
  Jessica (D:3)
  2 iguanas
  Ijyb (D:4)
  4 worker ants
  A howler monkey skeleton (D:4)
  7 adders
  3 gnolls (D:2)
  A shadow imp (D:7)
  2 oozes
  2 adder skeletons (D:7)
  An adder zombie (D:8)
  A worm (D:4)
  2 dart slugs
  8 leopard geckos
  20 orcs
  3 ball pythons
  4 giant cockroaches
  6 goblins
  8 hobgoblins
  7 jackals
  4 quokkas
  3 bats
  6 frilled lizards
  8 kobolds
  2 leopard gecko skeletons
  A leopard gecko zombie (D:5)
  7 rats
165 creatures vanquished.

Notes
Turn   | Place    | Note
-------+----------+-------------------------------------------
     0 | D:1      | vishdafish the Barachi Fighter began the quest for the Orb.
     0 | D:1      | Reached XP level 1. HP: 18/18 MP: 1/1
    62 | D:1      | Reached XP level 2. HP: 22/25 MP: 2/2
   168 | D:1      | Reached XP level 3. HP: 22/30 MP: 3/3
   290 | D:1      | Reached skill level 3 in Long Blades
   653 | D:2      | Reached skill level 1 in Dodging
   858 | D:2      | Reached XP level 4. HP: 24/37 MP: 4/4
  1222 | D:2      | Found a sparkling altar of Nemelex Xobeh.
  1641 | D:3      | Noticed happinesssam's ghost (amateur DrCj)
  1651 | D:3      | Killed happinesssam's ghost
  1651 | D:3      | Reached skill level 4 in Long Blades
  1651 | D:3      | Reached XP level 5. HP: 11/43 MP: 5/5
  1651 | D:3      | Reached XP level 6. HP: 13/49 MP: 6/6
  1954 | D:3      | Noticed Jessica
  1958 | D:3      | Killed Jessica
  2220 | D:3      | Reached skill level 5 in Fighting
  2317 | D:4      | Found a staircase to the Ecumenical Temple.
  2338 | D:4      | Reached skill level 5 in Long Blades
  2347 | Temple   | Entered the Ecumenical Temple
  2369 | Temple   | Became a worshipper of Warmaster Okawaru
  2473 | D:4      | Noticed Ijyb
  2477 | D:4      | Killed Ijyb
  2499 | D:4      | Noticed Paps's ghost (amateur TrBe)
  2515 | D:4      | Killed Paps's ghost
  2515 | D:4      | Reached skill level 5 in Armour
  2515 | D:4      | Reached XP level 7. HP: 56/56 MP: 7/7
  2849 | D:4      | Found Buext's Antique Armour Boutique.
  2872 | D:5      | Entered Level 5 of the Dungeon
  2982 | D:5      | You fall through a shaft for 2 floors!
  3133 | D:7      | Reached skill level 6 in Long Blades
  3163 | D:7      | Reached skill level 5 in Shields
  3168 | D:7      | Reached XP level 8. HP: 64/64 MP: 8/8
  3184 | D:7      | Reached * piety under Okawaru
  3357 | D:5      | Reached skill level 7 in Long Blades
  3952 | D:6      | Reached ** piety under Okawaru
  4074 | D:6      | Noticed Ezendos's ghost (amateur OgWr)
  4087 | D:6      | Killed Ezendos's ghost
  4087 | D:6      | Reached skill level 8 in Long Blades
  4087 | D:6      | Reached XP level 9. HP: 56/71 MP: 9/9
  4352 | D:7      | Found Wugutza's Assorted Antiques.
  4536 | D:8      | Noticed a hornet
  4542 | D:8      | Killed a hornet
  4542 | D:8      | Reached skill level 9 in Long Blades
  4542 | D:8      | Reached skill level 5 in Dodging
  4553 | D:7      | Reached *** piety under Okawaru
  4873 | D:8      | Noticed a two-headed ogre
  4896 | D:8      | Killed a two-headed ogre
  4896 | D:8      | Reached **** piety under Okawaru
  4896 | D:8      | Received a gift from Okawaru
  4896 | D:8      | Reached skill level 10 in Long Blades
  4896 | D:8      | Reached XP level 10. HP: 16/80 MP: 8/10
  5296 | D:8      | Noticed a two-headed ogre
  5311 | D:8      | Killed a two-headed ogre
  5392 | D:8      | Found a staircase to the Lair.
  5717 | D:9      | Mangled by a wyvern

Skill      XL: |  1  2  3  4  5  6  7  8  9 10 |
---------------+-------------------------------+-----
Fighting       | 4 5 6 8 |  8.6
Long Blades    | 3 4 5 6 8 10 | 10.7
Dodging        | 1 2 3 4 5 6 |  6.2
Armour         | 4 5 6 7 8 |  8.2
Shields        | 4 5 6 7 |  7.6

Action                   |  1- 3 |  4- 6 |  7- 9 | 10-12 || total
-------------------------+-------+-------+-------+-------++-------
Melee: Long sword        |   109 |       |       |       ||   109
       Scimitar          |    10 |   136 |   187 |    66 ||   399
Invok: Heroism           |       |       |     1 |       ||     1
 Abil: Hop               |     1 |       |     1 |     1 ||     3
  Use: Potion            |       |     3 |     1 |       ||     4
       Scroll            |       |       |     4 |       ||     4
  Eat: Chunk             |       |     3 |       |       ||     3
       Meat ration       |       |     1 |     2 |       ||     3
Armor: Scale mail        |    70 |    50 |    68 |    23 ||   211
       Skin              |       |     6 |       |       ||     6
Dodge: Dodged            |    32 |    43 |    55 |    35 ||   165
Block: Shield            |    54 |    63 |    93 |    32 ||   242
       Rpst.: Long sword |     9 |       |       |       ||     9
       Scimitar          |       |    14 |    20 |     4 ||    38
